 Dungeon Crawl Stone Soup version 0.24.0-123-gd5b16e6ec5 (webtiles) character file.

Game seed: 9451829176670246919, levelgen mode: deterministic

4382 Johnny the Geomancer (level 9, -12/62 HPs)
             Began as a Demigod Earth Elementalist on Jan 27, 2020.
             Hit by a stone thrown by an orc warrior (18 damage)
             ... on level 8 of the Dungeon.
             The game lasted 00:09:16 (6487 turns).

Johnny the Geomancer (Demigod Earth Elementalist)   Turns: 6487, Time: 00:09:16

Health: -12/62     AC:  3    Str: 11    XL:     9   Next: 90%
Magic:  6/26       EV: 12    Int: 27    God:
Gold:   471        SH:  0    Dex: 16    Spells: 13/26 levels left

rFire    . . .     SeeInvis .   n - +2 short sword (venom)
rCold    . . .     Gourm    .   (no shield)
rNeg     . . .     Faith    .   c - +0 robe
rPois    .         Spirit   .   (helmet restricted)
rElec    .         Reflect  .   z - +0 cloak
rCorr    .         Harm     .   (no gloves)
MR       .....                  (no boots)
Stlth    ++........             m - amulet of the acrobat
HPRegen  0.20/turn              j - ring of flight
MPRegen  0.20/turn              (no ring)

@: lethally poisoned (-12 -> -19)
A: antennae 1, clever 1, high mp 1, sturdy frame 1
a: Evoke Flight


You were on level 8 of the Dungeon.
You were near starving.

You visited 1 branch of the dungeon, and saw 9 of its levels.

You collected 471 gold pieces.

Inventory:

Hand Weapons
 n - a +2 short sword of venom (weapon)
Missiles
 b - 105 stones (quivered)
Armour
 c - a +0 robe (worn)
 z - a +0 cloak (worn)
Jewellery
 j - a ring of flight (left hand)
 m - an amulet of the acrobat (around neck)
 D - an uncursed ring of ice
Wands
 s - a wand of enslavement (11)
 u - a wand of iceblast (1)
 C - a wand of disintegration (10)
 F - a wand of flame (19)
Scrolls
 a - a scroll of enchant armour
 f - 2 scrolls of amnesia
 r - 6 scrolls of teleportation
 t - 3 scrolls of magic mapping
 w - 2 scrolls of enchant weapon {unknown}
 y - a scroll of remove curse
 B - a scroll of fog
 E - a scroll of fear
Potions
 e - 2 potions of flight
 g - a potion of cancellation
 h - 2 potions of brilliance {unknown}
 i - 2 potions of haste
 k - 2 potions of agility {unknown}
 l - 2 potions of degeneration {unknown}
 o - 2 potions of might {unknown}
 p - 2 potions of lignification {unknown}
 q - a potion of heal wounds {unknown}
 v - 5 potions of curing {unknown}
 x - a potion of ambrosia {unknown}
 A - a potion of invisibility
Comestibles
 d - 17 rations


   Skills:
 - Level 1.7 Dodging
 - Level 1.7 Stealth
 + Level 9.0 Spellcasting
 - Level 0.8 Transmutations
 + Level 10.0 Earth Magic


You had 13 spell levels left.
You knew the following spells:

 Your Spells              Type           Power        Failure   Level  Hunger
a - Sandblast             Erth           ######       1%          1    None
b - Stone Arrow           Conj/Erth      #####.       1%          3    None
c - Lee's Rapid Deconstr  Erth           ######....   2%          5    ####...
d - Petrify               Tmut/Erth      #####...     4%          4    #......

Your spell library contained the following spells:

 Spells                   Type           Power        Failure   Level  Hunger
 Passwall                 Tmut/Erth      #####...     1%          2    None


Dungeon Overview and Level Annotations

Branches:
Dungeon (9/15)             Temple (0/1) D:4
   Lair: D:8-11         Orc: D:9-12


Innate Abilities, Weirdness & Mutations

You have an increased reservoir of magic. (+10% MP)
You have a pair of small antennae on your head.
Your mind is acute. (Int +2)
Your movements are slightly less encumbered by armour. (ER -2)


Message History

The orc warrior throws a stone.
The stone barely misses you.
Casting: Lee's Rapid Deconstruction (safe; 2% risk of failure)
Confirm with . or Enter, or press ? or * to list all spells.
Aiming: Stone Arrow (safe; 1% risk of failure)
Press: ? - help, Shift-Dir - straight line, f - orc warrior
Aim: an orc warrior, wielding a +0 long sword and wearing a +0 plate armour (moderately wounded)
The stone arrow hits the orc warrior!
The orc warrior is heavily wounded.
You feel sick.
The orc warrior throws a stone.
The stone hits you!
* * * LOW HITPOINT WARNING * * *
Casting: Stone Arrow (safe; 1% risk of failure)
Confirm with . or Enter, or press ? or * to list all spells.
Aiming: Stone Arrow (safe; 1% risk of failure)
Press: ? - help, Shift-Dir - straight line, f/p - orc warrior
Aim: an orc warrior, wielding a +0 long sword and wearing a +0 plate armour (heavily wounded)
The stone arrow hits the orc warrior!
The orc warrior is almost dead.
* * * LOW HITPOINT WARNING * * *
You feel sick.
The orc warrior throws a stone.
The stone hits you!!
You die...

......P...P.P......#.......##..##
#####..P.P.........#.......##..#.
...<...P.P.........#........#..#.
[.......P..........#........'..##
...................#........#..#.
..............o...†##########....
.............##'###.........#+#..
..........<..#....#.........#....
..........!..#..@.#.........#....
.............'....#.........#....
##...........#...(#.........#....
. ....######.........#.... ...
#.........#.... ...
#.........'.... #.........#....
#.........#.... #.........+....


You could see an orc warrior.

Vanquished Creatures
  2 two-headed ogres
  A hippogriff (D:9)
  A hungry ghost (D:7)
  A water moccasin (D:7)
  An orc warrior (D:6)
  A sky beast (D:6)
  2 ice beasts (D:8)
  A phantom (D:6)
  2 black bears
  2 ogres
  A crocodile (D:8)
  A centaur (D:7)
  A big kobold (D:8)
  3 bullfrogs
  A water moccasin skeleton (D:7)
  4 scorpions
  4 wights (D:7)
  2 crimson imps
  2 hounds
  3 jellies
  3 orc priests
  A gnoll shaman (D:7)
  Natasha (thrice) (D:3)
  9 orc wizards
  4 worker ants
  3 hound skeletons
  A howler monkey zombie (D:5)
  8 gnolls
  A howler monkey skeleton (D:8)
  6 adders
  4 shadow imps
  An ooze (D:7)
  2 adder skeletons (D:5)
  A dart slug (D:1)
  2 leopard geckos
  16 orcs
  6 bats
  8 giant cockroaches
  7 goblins
  9 hobgoblins
  5 jackals
  4 kobolds
  7 quokkas
  3 ball pythons
  6 frilled lizards
  A jackal skeleton (D:4)
  2 quokka skeletons
  7 rats
166 creatures vanquished.

Vanquished Creatures (others)
  6 fungi (D:8)
6 creatures vanquished.

Grand Total: 172 creatures vanquished

Notes
Turn   | Place    | Note
-------+----------+-------------------------------------------
     0 | D:1      | Johnny the Demigod Earth Elementalist began the quest for
                  | the Orb.
     0 | D:1      | Reached XP level 1. HP: 14/14 MP: 5/5
   168 | D:1      | Reached skill level 3 in Earth Magic
   168 | D:1      | Reached XP level 2. HP: 20/20 MP: 3/7
   641 | D:2      | Reached XP level 3. HP: 26/26 MP: 3/9
  1029 | D:2      | You fall into a shaft and drop 2 floors!
  1030 | D:4      | Noticed a two-headed ogre
  1040 | D:4      | Noticed a scorpion
  1055 | D:4      | Found an opulent altar of Gozag.
  1058 | D:4      | Killed a scorpion
  1058 | D:4      | Reached XP level 4. HP: 25/33 MP: 9/11
  1075 | D:3      | Noticed Natasha
  1079 | D:3      | Killed Natasha
  1079 | D:3      | Reached skill level 4 in Earth Magic
  1281 | D:2      | Found a hide-covered altar of Uskayaw.
  1281 | D:2      | Noticed a +0 dagger
  1281 | D:2      | Noticed a -1 dagger
  1743 | D:3      | Reached XP level 5. HP: 35/38 MP: 10/13
  1912 | D:3      | Noticed Natasha
  1914 | D:3      | Killed Natasha
  2016 | D:3      | Noticed Natasha
  2028 | D:3      | Killed Natasha
  2111 | D:3      | Found a glowing golden altar of the Shining One.
  2235 | D:4      | Found a basalt altar of Yredelemnul.
  2340 | D:4      | Gained mutation: Your movements are slightly less
                  | encumbered by armour. (ER -2) [potion of mutation]
  2340 | D:4      | Gained mutation: You have a pair of small antennae on your
                  | head. [potion of mutation]
  2340 | D:4      | Gained mutation: Your mind is acute. (Int +2) [potion of
                  | mutation]
  2378 | D:5      | Entered Level 5 of the Dungeon
  2416 | D:5      | Reached XP level 6. HP: 4/45 MP: 11/15
  2493 | D:5      | Reached skill level 5 in Earth Magic
  2982 | D:5      | Found a stormy altar of Qazlal.
  2991 | D:5      | Found a burning altar of Makhleb.
  3312 | D:5      | Reached XP level 7. HP: 41/50 MP: 15/17
  3323 | D:5      | Reached skill level 5 in Spellcasting
  3819 | D:4      | Reached skill level 6 in Earth Magic
  3825 | D:4      | Killed a two-headed ogre
  3825 | D:4      | Reached skill level 7 in Earth Magic
  3825 | D:4      | Reached XP level 8. HP: 38/57 MP: 14/21
  3978 | D:4      | Found a staircase to the Ecumenical Temple.
  4363 | D:6      | You fall into a shaft and drop 1 floor!
  4454 | D:7      | Reached skill level 8 in Earth Magic
  4783 | D:6      | Reached XP level 9. HP: 40/62 MP: 20/24
  4801 | D:6      | Learned a level 3 spell: Stone Arrow
  4807 | D:6      | Learned a level 5 spell: Lee's Rapid Deconstruction
  4812 | D:6      | Learned a level 4 spell: Petrify
  5836 | D:8      | Noticed a two-headed ogre
  5845 | D:8      | Killed a two-headed ogre
  5845 | D:8      | Reached skill level 9 in Earth Magic
  6046 | D:8      | You fall into a shaft and drop 1 floor!
  6476 | D:8      | Reached skill level 10 in Earth Magic
  6487 | D:8      | Hit by a stone thrown by an orc warrior

Levels and vault maps discovered:
D:1:      mrwooster_arrival_arrow, layout_rooms, minmay_misc_feat_chi
D:2:      layout_rooms, dancing_weapons_uskayaw
D:3:      layout_basic, nicolae_overflow_crystal_walls,
          grunt_decor_mini_mirrors, uniq_natasha
D:4:      layout_rooms, kennysheep_mini_moat, overflow_temple_1_default,
          minmay_temple_entry_trees
D:5:      layout_basic, minitemple, first_ration
D:6:      layout_cave_pods
D:7:      layout_basic
D:8:      layout_gridville, due_lair_maze_entry_diamond, blue_anna_alchemist
          [blue_anna_fruit_fields, blue_anna_fruit_fields],
          palyth_stone_intersect
D:9:      layout_long_grid

Skill      XL: |  1  2  3  4  5  6  7  8  9 |
---------------+----------------------------+-----
Spellcasting   | 2 3 4 6 7 9 |  9.0
Earth Magic    | 3 4 5 7 8 10 | 10.0
Dodging        | |  1.7
Stealth        | |  1.7
Transmutations | |  0.8

Action                   |  1- 3 |  4- 6 |  7- 9 || total
-------------------------+-------+-------+-------++-------
Melee: Unarmed           |     4 |       |       ||     4
       Short sword       |    14 |   103 |   132 ||   249
 Cast: Sandblast         |    28 |    61 |    87 ||   176
       Lee's Rapid Decon |       |       |    12 ||    12
       Stone Arrow       |       |       |     8 ||     8
Evoke: Wand              |       |     3 |     6 ||     9
  Use: Potion            |       |     5 |       ||     5
       Scroll            |       |     8 |     3 ||    11
 Stab: Sleeping          |     1 |     3 |     3 ||     7
       Invisible         |       |     2 |       ||     2
  Eat: Chunk             |       |     6 |    12 ||    18
Armor: Robe              |     7 |    22 |    28 ||    57
Dodge: Dodged            |    26 |    94 |   103 ||   223
